[Event "FIDE Open World Rapid 2024"]
[Site "New York"]
[Date "2024.12.27"]
[Round "8.33"]
[White "Svane, Rasmus"]
[Black "Bjerre, Jonas Buhl"]
[Result "0-1"]
[ECO "B38"]
[WhiteElo "2628"]
[BlackElo "2642"]
[Annotator "ChessBase"]
[PlyCount "150"]
[EventDate "2024.12.14"]
[EventType "swiss"]
[EventCountry "USA"]
[SourceTitle "playchess.com"]
[Source "ChessBase"]
[SourceQuality "1"]
[TimeControl "900+10"]

1. Nf3 c5 2. c4 g6 3. d4 cxd4 4. Nxd4 Bg7 5. e4 Nc6 6. Be3 Qb6 7. Nb3 Qd8 8. Qd2 Nf6 9. f3 d6 10. Be2 Be6 11. O-O O-O 12. Nc3 Nd7 13. Rac1 a5 14. Na4 Nb4 15. a3 Na2 16. Ra1 b5 17. Rxa2 bxa4 18. Nd4 Nc5 19. Qc2 Bxd4 20. Bxd4 Nb3 21. Be3 Qc7 22. Raa1 Nxa1 23. Rxa1 Qb7 24. Bd4 Qb3 25. Rc1 Rfc8 26. Kf2 Rc6 27. Qd2 Bxc4 28. Rc3 Qb5 29. Bd1 e5 30. Be3 Rac8 31. Bg5 h5 32. Kg3 Be6 33. Rd3 Qb8 34. Bxa4 Rb6 35. Bf6 Kh7 36. b3 Qc7 37. Qxa5 Qc1 38. Qd2 Qb1 39. Rc3 Rxc3 40. Qxc3 Rb8 41. Qd2 Rc8 42. b4 Qa1 43. Bb5 Qb1 44. Bd3 Qa1 45. Ba6 Ra8 46. b5 Qxa3 47. Be7 Qa1 48. h4 Qd4 49. Qxd4 exd4 50. Kf4 Bc4 51. Bxd6 f6 52. Bc5 Rd8 53. Be7 d3 54. Bxd8 d2 55. Bxf6 d1=Q 56. Bg5 Qc2 57. g4 hxg4 58. Kxg4 Qg2+ 59. Kf4 Be2 60. Ke5 Qxf3 61. Bb7 Qc3+ 62. Kd6 Qb4+ 63. Ke5 Qxb5+ 64. Bd5 Bc4 65. Kd4 Bxd5 66. exd5 Kg7 67. Ke5 Kf7 68. Kd6 Qb6+ 69. Ke5 Qb8+ 70. Kd4 Ke8 71. Ke4 Qg3 72. Kd4 Kd7 73. Ke4 Qg4+ 74. Ke5 Qf5+ 75. Kd4 Kd6 0-1

[Event "FIDE Open World Rapid 2024"]
[Site "New York"]
[Date "2024.12.28"]
[Round "8.33"]
[White "George, Kevin"]
[Black "Erenburg, Sergey"]
[Result "0-1"]
[ECO "B11"]
[WhiteElo "2270"]
[BlackElo "2510"]
[Annotator "ChessBase"]
[PlyCount "144"]
[EventDate "2024.12.14"]
[EventType "swiss"]
[EventCountry "USA"]
[SourceTitle "playchess.com"]
[Source "ChessBase"]
[SourceQuality "1"]
[TimeControl "900+10"]

1. e4 c6 2. Nc3 d5 3. Nf3 Bg4 4. h3 Bxf3 5. Qxf3 Nf6 6. Be2 e6 7. O-O Bc5 8. exd5 cxd5 9. Rd1 Nc6 10. Bb5 O-O 11. Bxc6 bxc6 12. d4 Be7 13. Bf4 c5 14. dxc5 Bxc5 15. Bg5 Be7 16. Ne2 Rc8 17. Nd4 h6 18. Bh4 Ne4 19. Bxe7 Qxe7 20. c3 Qb7 21. Qe2 Rb8 22. Rab1 Rfc8 23. Nb3 Rc6 24. Nd2 Nd6 25. Nb3 Qc7 26. Nd4 Rc4 27. Rd3 Ne4 28. Rc1 Qb6 29. Rc2 Rbc8 30. Nf3 R4c7 31. Nd2 Nd6 32. Nb3 Nf5 33. Qd2 Rc4 34. Qd1 Qa6 35. a3 Qb6 36. Nd2 R4c7 37. Nf3 Rb7 38. Nd4 Nd6 39. Qg4 Ne4 40. Qe2 Rbc7 41. Nf3 a5 42. Rd4 Nd6 43. Ne5 Ne4 44. Rd1 Nd6 45. Rd4 Nf5 46. Rd1 Qb3 47. Nf3 Rc4 48. Rcd2 Qb6 49. Nd4 Ne7 50. Rd3 Rb8 51. R1d2 Nc6 52. Nxc6 Qxc6 53. Rd4 Rc5 54. Rg4 Qc7 55. Qe3 Rc4 56. Rxc4 Qxc4 57. Qa7 Qb5 58. Qc7 a4 59. Qe5 Rb7 60. Qe2 Qxe2 61. Rxe2 Kf8 62. Kf1 Ke7 63. Ke1 Kd6 64. Kd1 e5 65. Kc2 f5 66. Rd2 Kc5 67. Re2 Re7 68. Kd3 g5 69. Re1 h5 70. Re2 h4 71. f3 e4+ 72. Kc2 exf3 0-1

[Event "FIDE Open World Rapid 2024"]
[Site "New York"]
[Date "2024.12.27"]
[Round "8.34"]
[White "Donchenko, Alexander"]
[Black "Liang, Awonder"]
[Result "0-1"]
[ECO "E91"]
[WhiteElo "2618"]
[BlackElo "2687"]
[Annotator "ChessBase"]
[PlyCount "64"]
[EventDate "2024.12.14"]
[EventType "swiss"]
[EventCountry "USA"]
[SourceTitle "playchess.com"]
[Source "ChessBase"]
[SourceQuality "1"]
[TimeControl "900+10"]

1. c4 g6 2. Nc3 Bg7 3. d4 Nf6 4. e4 d6 5. Be2 b6 6. Nf3 O-O 7. h3 a5 8. Be3 Bb7 9. Qc2 Na6 10. Rd1 Qe8 11. g4 e6 12. a3 c5 13. d5 Nc7 14. Bf4 Rd8 15. a4 Na6 16. Kf1 Nb4 17. Qc1 Qe7 18. Bh6 Nxe4 19. Bxg7 Kxg7 20. Nxe4 exd5 21. Ng3 dxc4 22. Rg1 Kh8 23. h4 d5 24. Qf4 Rd6 25. g5 f6 26. Ne4 Re6 27. Ng3 d4 28. Nxd4 cxd4 29. Bxc4 Re5 30. Qxd4 Re8 31. Qc3 Nc2 32. Be2 Rxe2 0-1

[Event "FIDE Open World Rapid 2024"]
[Site "New York"]
[Date "2024.12.28"]
[Round "8.34"]
[White "Rasulov, Vugar"]
[Black "Soo, Kai Jie"]
[Result "1-0"]
[ECO "A47"]
[WhiteElo "2504"]
[BlackElo "2153"]
[Annotator "ChessBase"]
[PlyCount "109"]
[EventDate "2024.12.14"]
[EventType "swiss"]
[EventCountry "USA"]
[SourceTitle "playchess.com"]
[Source "ChessBase"]
[SourceQuality "1"]
[TimeControl "900+10"]

1. d4 Nf6 2. Nf3 e6 3. Bf4 b6 4. e3 Bb7 5. Be2 h6 6. h3 d6 7. O-O Nbd7 8. a4 a5 9. Nc3 g5 10. Bg3 g4 11. hxg4 Nxg4 12. Nh4 h5 13. Bf3 Bxf3 14. gxf3 Be7 15. fxg4 Bxh4 16. gxh5 d5 17. Qf3 c6 18. e4 Qf6 19. Qxf6 Bxf6 20. e5 Be7 21. Kg2 Rxh5 22. Rh1 Rxh1 23. Rxh1 Nf8 24. f4 f5 25. Ne2 Kf7 26. b3 Kg7 27. c4 Rd8 28. Rc1 c5 29. Bf2 Ng6 30. Kf3 Kf7 31. Rh1 dxc4 32. bxc4 cxd4 33. Bxd4 Nh4+ 34. Ke3 Ng2+ 35. Kf2 Rxd4 36. Nxd4 Nxf4 37. Rh7+ Ke8 38. Kg3 Nd3 39. Nxe6 Nxe5 40. c5 f4+ 41. Kxf4 Nd3+ 42. Kf5 Bxc5 43. Nc7+ Kd8 44. Nd5 Nb4 45. Nf4 Kc8 46. Ke6 Kb8 47. Ng6 Nd3 48. Kd5 Nb2 49. Rh4 Kb7 50. Ne5 Bb4 51. Rh7+ Ka6 52. Nc6 b5 53. Nb8+ Kb6 54. Nd7+ Ka6 55. Kc6 1-0

[Event "FIDE Open World Rapid 2024"]
[Site "New York"]
[Date "2024.12.27"]
[Round "8.35"]
[White "Theodorou, Nikolas"]
[Black "Shimanov, Aleksandr"]
[Result "1-0"]
[ECO "D15"]
[WhiteElo "2600"]
[BlackElo "2593"]
[Annotator "ChessBase"]
[PlyCount "129"]
[EventDate "2024.12.14"]
[EventType "swiss"]
[EventCountry "USA"]
[SourceTitle "playchess.com"]
[Source "ChessBase"]
[SourceQuality "1"]
[TimeControl "900+10"]

1. d4 d5 2. c4 c6 3. Nf3 Nf6 4. Nc3 a6 5. g3 b5 6. c5 h6 7. Bg2 Bf5 8. O-O e6 9. Nd2 Nbd7 10. e4 dxe4 11. Ndxe4 Nxe4 12. Nxe4 Rc8 13. a4 Bxe4 14. Bxe4 Nf6 15. Bc2 Be7 16. axb5 axb5 17. Re1 Nd5 18. Qg4 Kf8 19. h4 Bf6 20. Bd2 Qd7 21. h5 Ke7 22. Re2 Rhe8 23. Rae1 Ra8 24. Bb3 Kd8 25. Qf3 Rh8 26. Re4 Kc8 27. Rg4 Kb7 28. Kg2 Ne7 29. Bf4 Nf5 30. Rd1 Rhd8 31. Qe4 Ne7 32. Be5 Nd5 33. Qf3 Qe7 34. Re4 Bxe5 35. Rxe5 Qf6 36. Bxd5 cxd5 37. Qd3 Kc6 38. Re3 Ra4 39. Rf3 Qe7 40. Qh7 f5 41. Re3 Qf6 42. b3 Ra2 43. b4 Ra4 44. Rde1 Re8 45. Rb3 Ra2 46. Rbe3 Ra4 47. Rxe6+ Rxe6 48. Qg8 Kd7 49. c6+ Rxc6 50. Qe8+ Kd6 51. Qb8+ Rc7 52. Re8 Kc6 53. Re1 Raa7 54. Qe8+ Kb7 55. Re6 Qf7 56. Qxb5+ Kc8 57. Re8+ Qxe8 58. Qxe8+ Kb7 59. Qb5+ Kc8 60. Qxd5 Rf7 61. b5 f4 62. b6 Rab7 63. Qc6+ Kd8 64. g4 Rbd7 65. Qa8+ 1-0

[Event "FIDE Open World Rapid 2024"]
[Site "New York"]
[Date "2024.12.28"]
[Round "8.35"]
[White "Sharshenbekov, Emir"]
[Black "Wagner, Dennis"]
[Result "1-0"]
[ECO "C50"]
[WhiteElo "2078"]
[BlackElo "2616"]
[Annotator "ChessBase"]
[PlyCount "89"]
[EventDate "2024.12.14"]
[EventType "swiss"]
[EventCountry "USA"]
[SourceTitle "playchess.com"]
[Source "ChessBase"]
[SourceQuality "1"]
[TimeControl "900+10"]

1. e4 e5 2. Nf3 Nc6 3. Nc3 Nf6 4. Bb5 Bd6 5. O-O O-O 6. d3 h6 7. a3 a6 8. Bc4 Bc5 9. Be3 d6 10. h3 Re8 11. b4 Bxe3 12. fxe3 Be6 13. Bxe6 Rxe6 14. Nd5 Ne7 15. c4 c6 16. Nxe7+ Qxe7 17. Nh4 g6 18. Qf3 Nd7 19. Kh2 a5 20. Rab1 axb4 21. axb4 Ra3 22. Qg3 Rxd3 23. Nf5 Qf8 24. b5 c5 25. Ra1 Kh7 26. Ra7 Nf6 27. Rxb7 gxf5 28. Rxf5 Qg7 29. Qf3 Rd2 30. Ra7 Rc2 31. Qf1 h5 32. Rc7 h4 33. Rf3 Kh6 34. b6 Rb2 35. b7 Qg6 36. Kg1 Nxe4 37. Rfxf7 Ng5 38. Rf8 Rb1 39. Rh8+ Nh7 40. Rhxh7+ Kg5 41. Rhg7 Rxf1+ 42. Kxf1 Rf6+ 43. Ke2 Rf8 44. Rxg6+ Kxg6 45. Rc8 1-0

[Event "FIDE Open World Rapid 2024"]
[Site "New York"]
[Date "2024.12.28"]
[Round "8.36"]
[White "Horvath, Dominik"]
[Black "Gaehwiler, Gabriel"]
[Result "1/2-1/2"]
[ECO "B53"]
[WhiteElo "2542"]
[BlackElo "2392"]
[Annotator "ChessBase"]
[PlyCount "138"]
[EventDate "2024.12.14"]
[EventType "swiss"]
[EventCountry "USA"]
[SourceTitle "playchess.com"]
[Source "ChessBase"]
[SourceQuality "1"]
[TimeControl "900+10"]

1. e4 c5 2. Nf3 d6 3. d4 cxd4 4. Qxd4 Nc6 5. Qe3 g6 6. Bc4 Bg7 7. O-O Nf6 8. h3 O-O 9. Rd1 Qc7 10. Nc3 a6 11. a4 b6 12. Qe1 Bb7 13. Bf4 Ne5 14. Bxe5 dxe5 15. Bd5 Nxd5 16. exd5 Rfd8 17. Rd2 Rd7 18. Rad1 Rad8 19. Qe4 e6 20. g4 h6 21. Nh4 exd5 22. Nxd5 Bxd5 23. Rxd5 Rxd5 24. Rxd5 Rxd5 25. Qxd5 Qxc2 26. b3 Bf6 27. Ng2 Kg7 28. Ne3 Qc3 29. Kg2 Qc7 30. Nc4 e4 31. Nd6 Qe7 32. Nxe4 Be5 33. Nd2 Qc7 34. Nc4 Bf6 35. Nd6 Qe7 36. b4 Bc3 37. b5 axb5 38. axb5 Be5 39. Nc4 Bc7 40. Qc6 Qd8 41. Ne3 Qd6 42. Qxd6 Bxd6 43. Kf3 Bc5 44. Ke4 Kf6 45. Nd1 Ke6 46. f3 f5+ 47. gxf5+ gxf5+ 48. Kf4 Bd6+ 49. Ke3 Kd5 50. Nc3+ Kc4 51. Ne2 Bc5+ 52. Kf4 Kxb5 53. Kxf5 Kc4 54. Ke4 b5 55. f4 b4 56. Nc1 Bd4 57. f5 Bf6 58. Kf3 Bg5 59. f6 Bxf6 60. Ke4 Bg5 61. Nd3 b3 62. Nb2+ Kb4 63. Kd3 Bf6 64. Nc4 Kc5 65. Ne3 h5 66. Nf5 Kd5 67. Ng3 h4 68. Nf5 Kc5 69. Nxh4 Bxh4 1/2-1/2

[Event "FIDE Open World Rapid 2024"]
[Site "New York"]
[Date "2024.12.27"]
[Round "8.36"]
[White "Ohanyan, Emin"]
[Black "Volokitin, Andrei"]
[Result "0-1"]
[ECO "B21"]
[WhiteElo "2514"]
[BlackElo "2649"]
[Annotator "ChessBase"]
[PlyCount "52"]
[EventDate "2024.12.14"]
[EventType "swiss"]
[EventCountry "USA"]
[SourceTitle "playchess.com"]
[Source "ChessBase"]
[SourceQuality "1"]
[TimeControl "900+10"]

1. e4 c5 2. d4 cxd4 3. Qxd4 Nc6 4. Qd3 g6 5. Nc3 Bg7 6. Nf3 Nf6 7. Be2 O-O 8. O-O d6 9. Nd5 Bg4 10. c3 Nd7 11. Bg5 h6 12. Bh4 Nc5 13. Qe3 g5 14. Bg3 e6 15. Nb4 f5 16. Nxc6 bxc6 17. exf5 exf5 18. Bxd6 Qxd6 19. Rad1 f4 20. Rxd6 fxe3 21. Rxc6 exf2+ 22. Rxf2 Rac8 23. Rxc8 Rxc8 24. Nd2 Be6 25. Rf1 Na4 26. Rb1 Nxb2 0-1

[Event "FIDE Open World Rapid 2024"]
[Site "New York"]
[Date "2024.12.27"]
[Round "8.37"]
[White "Ghosh, Diptayan"]
[Black "Rakhmanov, Aleksandr"]
[Result "1-0"]
[ECO "A49"]
[WhiteElo "2569"]
[BlackElo "2585"]
[Annotator "ChessBase"]
[PlyCount "81"]
[EventDate "2024.12.14"]
[EventType "swiss"]
[EventCountry "USA"]
[SourceTitle "playchess.com"]
[Source "ChessBase"]
[SourceQuality "1"]
[TimeControl "900+10"]

1. Nf3 Nf6 2. g3 g6 3. Bg2 Bg7 4. d4 d6 5. O-O O-O 6. Nc3 d5 7. Re1 c6 8. e4 dxe4 9. Nxe4 Nxe4 10. Rxe4 Nd7 11. c3 Nf6 12. Re1 Bg4 13. Qb3 Bxf3 14. Bxf3 Qd7 15. a4 a5 16. Bf4 e6 17. Rad1 Nd5 18. Bd2 Rfd8 19. h4 b5 20. h5 Rab8 21. Bc1 Nb6 22. axb5 cxb5 23. Bg5 a4 24. Qa2 Re8 25. Kg2 Nd5 26. h6 Bf8 27. Re5 b4 28. c4 b3 29. Qb1 Nb4 30. Qe4 Rbc8 31. d5 exd5 32. cxd5 Rxe5 33. Qxe5 Re8 34. Qc3 Qf5 35. Bf6 Bd6 36. Be7 Qe5 37. Qxe5 Bxe5 38. Bxb4 Bxb2 39. d6 Bf6 40. d7 Rd8 41. Re1 1-0

[Event "FIDE Open World Rapid 2024"]
[Site "New York"]
[Date "2024.12.28"]
[Round "8.37"]
[White "Manon, Reja Neer"]
[Black "Papasimakopoulos, Alexandros"]
[Result "1/2-1/2"]
[ECO "C17"]
[WhiteElo "2429"]
[BlackElo "2379"]
[Annotator "ChessBase"]
[PlyCount "163"]
[EventDate "2024.12.14"]
[EventType "swiss"]
[EventCountry "USA"]
[SourceTitle "playchess.com"]
[Source "ChessBase"]
[SourceQuality "1"]
[TimeControl "900+10"]

1. e4 e6 2. d4 d5 3. Nc3 Bb4 4. e5 c5 5. Bd2 Ne7 6. Nf3 cxd4 7. Nb5 Bxd2+ 8. Qxd2 O-O 9. Bd3 Nbc6 10. O-O-O a6 11. Nbxd4 Nxd4 12. Nxd4 Nc6 13. Nf3 f6 14. exf6 Qxf6 15. Rhe1 e5 16. Bf1 d4 17. Bd3 Bf5 18. Kb1 Rae8 19. Bxf5 Qxf5 20. Qd3 e4 21. Qc4+ Qf7 22. Qxf7+ Rxf7 23. Re2 Rd7 24. a3 h6 25. Kc1 Kf7 26. Nd2 d3 27. cxd3 exd3 28. Rxe8 Kxe8 29. Nb3 Rd5 30. Kd2 g5 31. Kc3 Ne5 32. Nc1 Ng4 33. Nxd3 Nxh2 34. Rh1 Ng4 35. f3 Nf6 36. Rxh6 Ke7 37. Rh8 Rd7 38. Nc5 Rc7 39. Kd4 a5 40. Rb8 Rxc5 41. Rxb7+ Kd6 42. Rb6+ Rc6 43. Rb5 Rc2 44. Rxg5 Rxb2 45. g4 Rb3 46. Rf5 Ke6 47. Rxa5 Rxf3 48. g5 Nh5 49. a4 Rg3 50. Ke4 Rg4+ 51. Kf3 Rb4 52. g6 Ng7 53. Ra6+ Kf5 54. Ke3 Ne6 55. a5 Rg4 56. Rb6 Rxg6 57. a6 Rg3+ 58. Kd2 Ra3 59. Kc2 Ke5 60. Kb2 Ra4 61. Rb5+ Kd4 62. Rb6 Nc5 63. Kc2 Ra5 64. Rh6 Kc4 65. Kb2 Nxa6 66. Rh4+ Kb5 67. Rh5+ Nc5 68. Kc3 Ra4 69. Rf5 Rc4+ 70. Kd2 Rh4 71. Ke3 Rh3+ 72. Rf3 Rh8 73. Rf5 Re8+ 74. Kd4 Re4+ 75. Kd5 Re1 76. Kd6 Re6+ 77. Kd5 Rh6 78. Kd4 Kb4 79. Kd5 Nd3 80. Kd4 Rd6+ 81. Rd5 Rxd5+ 82. Kxd5 1/2-1/2

[Event "FIDE Open World Rapid 2024"]
[Site "New York"]
[Date "2024.12.27"]
[Round "8.38"]
[White "Le, Quang Liem"]
[Black "Hakobyan, Aram"]
[Result "1-0"]
[ECO "D05"]
[WhiteElo "2739"]
[BlackElo "2625"]
[Annotator "TA"]
[PlyCount "77"]
[EventDate "2024.12.14"]
[EventType "swiss"]
[EventCountry "USA"]
[SourceTitle "playchess.com"]
[Source "ChessBase"]
[SourceQuality "1"]
[TimeControl "900+10"]

1. d4 Nf6 2. Nf3 d5 3. e3 e6 4. Bd3 Be7 5. O-O O-O 6. b3 b6 7. Bb2 Bb7 8. Nbd2 Nbd7 9. Qe2 a5 10. a4 Ne4 11. Rac1 Bd6 12. Rfd1 Qe7 13. c4 Rfc8 14. Bb1 Nxd2 15. Nxd2 Bb4 16. e4 Bxd2 (16... dxe4 $11 17. Bxe4 (17. Nxe4 Re8 $11) 17... Bxe4 18. Nxe4 h6) 17. Rxd2 $14 Qb4 (17... dxe4 $14 18. Bxe4 Bxe4 19. Qxe4 Re8) 18. Rd3 ({Better is} 18. cxd5 exd5 19. e5) 18... Nf8 ({Black should play} 18... dxe4 19. Rg3 f5) 19. Rg3 $16 dxc4 20. d5 (20. bxc4 Ng6 21. e5 Qe7 $16) (20. Rxc4 Qe7) (20. Qxc4 $6 Ng6 $16) 20... e5 (20... g6 $142) 21. Bxe5 $18 (21. Rxc4 $6 Qe7 22. Qg4 f6 $16) 21... Ng6 22. Bc3 ({Inferior is} 22. Rxc4 Ba6 23. Bb2 (23. Bxc7 $2 {loses.} Bxc4 24. Qd1 Rxc7 $19) (23. Rxb4 Bxe2 24. Rxg6 hxg6 $11) 23... Bxc4 24. Qxc4 c6 $11) 22... Qa3 23. Bb2 Qe7 24. bxc4 ({Resist} 24. Qxc4 c6 25. Rd1 cxd5) 24... c6 25. Rd1 cxd5 26. cxd5 Ba6 27. Qd2 f6 $2 (27... Qb4 28. h4 Qxd2 29. Rxd2 f6) 28. d6 $18 Qf7 29. f4 Bc4 30. h4 Nf8 (30... Rc5 $142 31. Ba3 Rcc8) 31. h5 h6 32. Qd4 Nd7 33. e5 Qxh5 34. exf6 Bf7 35. Rxg7+ Kf8 36. Re1 Rc4 37. Qf2 Rac8 38. Qg3 Qc5+ 39. Re3 1-0

[Event "FIDE Open World Rapid 2024"]
[Site "New York"]
[Date "2024.12.28"]
[Round "8.38"]
[White "Escobar Forero, Alder"]
[Black "Esquivel Golcher, Luis Enrique"]
[Result "1-0"]
[ECO "C13"]
[WhiteElo "2420"]
[BlackElo "2081"]
[Annotator "ChessBase"]
[PlyCount "134"]
[EventDate "2024.12.14"]
[EventType "swiss"]
[EventCountry "USA"]
[SourceTitle "playchess.com"]
[Source "ChessBase"]
[SourceQuality "1"]
[TimeControl "900+10"]

1. e4 e6 2. d4 d5 3. Nc3 Nf6 4. Bg5 dxe4 5. Nxe4 Be7 6. Bxf6 gxf6 7. Nf3 b6 8. g3 Bb7 9. Qe2 Qd5 10. Ned2 Nc6 11. c3 e5 12. Qb5 Qxb5 13. Bxb5 a6 14. Bxc6+ Bxc6 15. O-O O-O-O 16. Rfe1 Bd6 17. Re3 exd4 18. Nxd4 Bb7 19. Ne4 Be5 20. Nf3 Bd5 21. a3 Kb7 22. Rae1 h6 23. Nh4 Be6 24. f3 Rhg8 25. Kf2 Kc6 26. f4 Bd6 27. Nxf6 Rgf8 28. Ne4 Be7 29. Nf3 Kb7 30. b4 Bc4 31. Ned2 Be6 32. f5 Bg5 33. fxe6 Bxe3+ 34. Kxe3 fxe6 35. Ne4 Rd5 36. c4 Rdf5 37. Nh4 Rf1 38. Ke2 Rxe1+ 39. Kxe1 Rd8 40. Ke2 Rd4 41. Nd2 a5 42. Nhf3 Rg4 43. Ke3 axb4 44. axb4 Rg7 45. Ne5 Rg8 46. g4 Ra8 47. h4 Ra3+ 48. Nd3 Kc8 49. Ke4 Kd8 50. Nf3 Ke7 51. Nd4 Ra1 52. Nb5 Rh1 53. h5 Rg1 54. Kf3 c6 55. Nc3 Ra1 56. Ne4 Ra3 57. Ke3 e5 58. g5 hxg5 59. h6 Kf7 60. Nxg5+ Kg6 61. h7 Ra8 62. Nxe5+ Kxg5 63. h8=Q Rxh8 64. Nf7+ Kf6 65. Nxh8 b5 66. cxb5 cxb5 67. Kd4 Kg7 1-0

[Event "FIDE Open World Rapid 2024"]
[Site "New York"]
[Date "2024.12.27"]
[Round "8.39"]
[White "Sarana, Alexey"]
[Black "Kadric, Denis"]
[Result "1-0"]
[ECO "E61"]
[WhiteElo "2674"]
[BlackElo "2544"]
[Annotator "ChessBase"]
[PlyCount "93"]
[EventDate "2024.12.14"]
[EventType "swiss"]
[EventCountry "USA"]
[SourceTitle "playchess.com"]
[Source "ChessBase"]
[SourceQuality "1"]
[TimeControl "900+10"]

1. d4 d6 2. Nf3 Nf6 3. c4 g6 4. Nc3 Bf5 5. Qb3 b6 6. g3 Nc6 7. Bg2 Bg7 8. O-O O-O 9. Qd1 Ne4 10. Nd5 Bd7 11. b3 e6 12. Ne3 f5 13. Bb2 Qe7 14. Nd2 Nxd2 15. Qxd2 Rae8 16. f4 Nd8 17. Rad1 Nf7 18. b4 Bc8 19. b5 a5 20. Rc1 Nd8 21. c5 Bb7 22. c6 Bc8 23. a4 Nf7 24. Ba3 Qf6 25. Rcd1 Rd8 26. Nc4 Rfe8 27. e3 e5 28. d5 exf4 29. exf4 Qc3 30. Qxc3 Bxc3 31. Rd3 Bf6 32. Bc1 Re2 33. Bd2 Rde8 34. Bf3 R2e7 35. Kf2 h5 36. Re1 Rxe1 37. Bxe1 h4 38. Bd2 h3 39. Nxa5 bxa5 40. Bxa5 Nh6 41. Bc3 Bd8 42. Re3 Rxe3 43. Kxe3 g5 44. a5 gxf4+ 45. gxf4 Ng4+ 46. Ke2 Bh4 47. a6 1-0

[Event "FIDE Open World Rapid 2024"]
[Site "New York"]
[Date "2024.12.28"]
[Round "8.39"]
[White "Kvaloy, Aksel Bu"]
[Black "Gretarsson, Helgi Ass"]
[Result "0-1"]
[ECO "C83"]
[WhiteElo "2490"]
[BlackElo "2418"]
[Annotator "ChessBase"]
[PlyCount "74"]
[EventDate "2024.12.14"]
[EventType "swiss"]
[EventCountry "USA"]
[SourceTitle "playchess.com"]
[Source "ChessBase"]
[SourceQuality "1"]
[TimeControl "900+10"]

1. e4 e5 2. Nf3 Nc6 3. Bb5 a6 4. Ba4 Nf6 5. d4 Nxe4 6. O-O b5 7. Bb3 d5 8. dxe5 Be6 9. c3 Be7 10. Nbd2 Nc5 11. Bc2 Bg4 12. h3 Bh5 13. Re1 d4 14. b4 d3 15. Bb1 Na4 16. Qb3 O-O 17. Re3 Bg6 18. Ne4 Kh8 19. Bxd3 f5 20. exf6 Bxf6 21. Bd2 Ne5 22. Nxe5 Bxe5 23. Qc2 Qh4 24. Ng3 Rxf2 25. Bxg6 Bxg3 26. Be4 Bf4 27. Qd1 Rd8 28. Qe1 Rdxd2 29. Bf3 Bxe3 30. Qxe3 Qd8 31. Re1 h6 32. Qe4 Nxc3 33. Qg6 Ne2+ 34. Kh1 Rd1 35. Be4 Rxe1+ 36. Kh2 Rh1+ 37. Kxh1 Qd1+ 0-1

[Event "FIDE Open World Rapid 2024"]
[Site "New York"]
[Date "2024.12.27"]
[Round "8.40"]
[White "Van Foreest, Jorden"]
[Black "Chirila, Ioan-Cristian"]
[Result "1/2-1/2"]
[ECO "B30"]
[WhiteElo "2677"]
[BlackElo "2530"]
[Annotator "ChessBase"]
[PlyCount "91"]
[EventDate "2024.12.14"]
[EventType "swiss"]
[EventCountry "USA"]
[SourceTitle "playchess.com"]
[Source "ChessBase"]
[SourceQuality "1"]
[TimeControl "900+10"]

1. e4 c5 2. Nf3 e6 3. g3 Nc6 4. Bg2 g6 5. d3 Bg7 6. Bg5 Nge7 7. Nc3 d5 8. exd5 exd5 9. O-O h6 10. Bxe7 Nxe7 11. d4 cxd4 12. Nxd4 O-O 13. Qd2 Nc6 14. Nce2 Bg4 15. c3 Nxd4 16. Nxd4 Qd7 17. Rfe1 Rfe8 18. Nc2 Rxe1+ 19. Rxe1 Rd8 20. Ne3 Be6 21. Bxd5 h5 22. Rd1 Bh6 23. c4 Bxe3 24. Qxe3 Qa4 25. Qd3 Qxa2 26. Qd4 Qa4 27. Qd2 b5 28. Re1 Qxc4 29. Bxc4 Rxd2 30. Bxe6 fxe6 31. Rxe6 Kf7 32. Ra6 Rxb2 33. Kg2 Re2 34. Rxa7+ Re7 35. Ra3 b4 36. Rb3 Re4 37. Kf3 Rc4 38. Re3 Kf6 39. Re8 b3 40. Rb8 Rc3+ 41. Ke4 Rc4+ 42. Kd3 Rc2 43. h4 Kg7 44. Rb7+ Kf6 45. Rb6+ Kg7 46. Rxb3 1/2-1/2

[Event "FIDE Open World Rapid 2024"]
[Site "New York"]
[Date "2024.12.28"]
[Round "8.40"]
[White "Chanda, Sandipan"]
[Black "Pereira, Fabian"]
[Result "1-0"]
[ECO "A67"]
[WhiteElo "2480"]
[BlackElo "2123"]
[Annotator "ChessBase"]
[PlyCount "79"]
[EventDate "2024.12.14"]
[EventType "swiss"]
[EventCountry "USA"]
[SourceTitle "playchess.com"]
[Source "ChessBase"]
[SourceQuality "1"]
[TimeControl "900+10"]

1. d4 Nf6 2. c4 c5 3. d5 e6 4. Nc3 exd5 5. cxd5 d6 6. e4 g6 7. f4 Bg7 8. Bb5+ Nfd7 9. a4 O-O 10. Nf3 Na6 11. O-O Nb4 12. Re1 a6 13. Bf1 Re8 14. h3 f5 15. Bd2 Rb8 16. Qb3 h6 17. Kh2 Kh7 18. exf5 gxf5 19. Rxe8 Qxe8 20. Re1 Qf7 21. Nd1 a5 22. Ne3 Nf6 23. Bxb4 axb4 24. Bd3 Nh5 25. Qc2 Nxf4 26. Bxf5+ Kh8 27. Qe4 Bxf5 28. Qxf4 Bg6 29. Qxd6 Re8 30. Qg3 Bxb2 31. d6 Kh7 32. Qg4 b3 33. d7 Rd8 34. Rd1 Bf6 35. Nd5 b2 36. Qf4 Kg7 37. Ne5 Qe6 38. Nxg6 Kxg6 39. Nxf6 Qxf6 40. Rd6 1-0

[Event "FIDE Open World Rapid 2024"]
[Site "New York"]
[Date "2024.12.27"]
[Round "8.41"]
[White "Zemlyanskii, Ivan"]
[Black "Cheparinov, Ivan"]
[Result "0-1"]
[ECO "B12"]
[WhiteElo "2543"]
[BlackElo "2646"]
[Annotator "ChessBase"]
[PlyCount "80"]
[EventDate "2024.12.14"]
[EventType "swiss"]
[EventCountry "USA"]
[SourceTitle "playchess.com"]
[Source "ChessBase"]
[SourceQuality "1"]
[TimeControl "900+10"]

1. e4 c6 2. d4 d5 3. e5 Bf5 4. c4 e6 5. Nc3 Bb4 6. cxd5 cxd5 7. h4 h6 8. g4 Bh7 9. h5 Nc6 10. Bd3 Be4 11. Bxe4 dxe4 12. Nge2 f6 13. Qb3 Qd5 14. O-O Qxb3 15. axb3 fxe5 16. d5 Nd4 17. Nxd4 exd4 18. Nb5 Ke7 19. dxe6 d3 20. Nc7 Nf6 21. Nxa8 Rxa8 22. Be3 Nxg4 23. Bxa7 Kxe6 24. Ra4 Nf6 25. Be3 Rxa4 26. bxa4 Nd5 27. Bd4 Kf5 28. Bxg7 Kg5 29. Bd4 Kxh5 30. Rc1 Kg4 31. Kg2 Nf4+ 32. Kf1 h5 33. Be3 Nd5 34. Rc4 Kf3 35. Bg5 e3 36. Bxe3 Nxe3+ 37. fxe3 d2 38. Rd4 Kxe3 39. Rd8 Bc5 40. Re8+ Kd3 0-1

[Event "FIDE Open World Rapid 2024"]
[Site "New York"]
[Date "2024.12.27"]
[Round "8.41"]
[White "Meylan, Andre"]
[Black "Hungaski, Robert"]
[Result "0-1"]
[ECO "C05"]
[WhiteElo "2138"]
[BlackElo "2477"]
[Annotator "ChessBase"]
[PlyCount "60"]
[EventDate "2024.12.14"]
[EventType "swiss"]
[EventCountry "USA"]
[SourceTitle "playchess.com"]
[Source "ChessBase"]
[SourceQuality "1"]
[TimeControl "900+10"]

1. e4 e6 2. d4 d5 3. Nd2 Nf6 4. e5 Ng8 5. c3 Bd7 6. f4 c5 7. Ndf3 Qb6 8. Bd3 Bb5 9. Ne2 Bxd3 10. Qxd3 c4 11. Qc2 Ne7 12. O-O g6 13. b3 cxb3 14. axb3 Nbc6 15. Ba3 Nf5 16. Kf2 Rc8 17. Qd1 h5 18. g3 Bxa3 19. Rxa3 a6 20. h3 Na7 21. Ra1 Nb5 22. Rc1 h4 23. gxh4 Nxh4 24. Nxh4 Rxh4 25. Kg3 Qd8 26. c4 Nc7 27. cxd5 exd5 28. f5 Qg5+ 29. Kh2 Kd7 30. fxg6 Rxh3+ 0-1